 Dungeon Crawl Stone Soup version 0.31-a0-345-g1ebeae05c6 (webtiles) character file.

Game seed: 9501998430089329379

690 avis the Changeling (level 7, -2/85 HPs)
             Began as a Demigod Shapeshifter on July 22, 2023.
             Frozen to death by an endoplasm (4 damage)
             ... on level 4 of the Dungeon.
             The game lasted 00:22:23 (4706 turns).

avis the Changeling (Demigod Shapeshifter)          Turns: 4706, Time: 00:22:24

Health: -2/85      AC: 23    Str: 29 (30) XL:     7   Next: 13%
Magic:  9/9        EV:  2    Int:  9 (10) God:
Gold:   305        SH: 10    Dex: 12 (14) Spells: 6/6 levels left

rFire   . .          .
                       - Unarmed
rCold   . . .        o - +0 tower shield
rNeg    . . .        M - melded +3 ring mail
rPois   +            B - melded +0 helmet
rElec   .            (cloak currently unavailable)
rCorr   +            (gloves currently unavailable)
SInv    .            w - melded +0 pair of boots
Will    .....        (no amulet)
Stlth   +            e - +6 ring of strength
HPRegen 0.34/turn    p - ring of resist corrosion
MPRegen 0.11/turn

%: no passive effects
@: tree-form, hasted, very quick
A: stationary, stasis, torment immunity, boosted hp, high MP 1, forlorn, divine
attributes
a: no special abilities


You were on level 4 of the Dungeon.
You were a tree.
You visited 1 branch of the dungeon, and saw 4 of its levels.

You collected 305 gold pieces.

Inventory:

Hand Weapons
 b - the +5 mace of Eternal Night {holy, rCorr}
   (You found it on level 2 of the Dungeon)

   rCorr:     It protects you from acid and corrosion.
 i - a +2 dagger of venom
 n - a +0 whip
 r - a +0 vampiric dagger
 t - a +0 sling
 I - a +1 dagger of speed
Missiles
 h - 6 javelins
 j - a throwing net
 H - a boomerang
 K - 6 poisoned darts
 O - 6 datura-tipped darts
Armour
 a - a +0 animal skin
 l - a +0 scale mail
 o - a +0 tower shield (worn)
 w - a +0 pair of boots (melded)
 B - a +0 helmet (melded)
 F - a +0 chain mail
 M - a +3 ring mail (melded)
Magical Staves
 d - a staff of conjuration
 N - a staff of air
Jewellery
 e - a +6 ring of strength (left branch)
 p - a ring of resist corrosion (right branch)
 G - a ring of positive energy
 L - a ring of resist corrosion
Talismans
 c - a beast talisman
 D - a serpent talisman
Wands
 v - a wand of digging (6)
Scrolls
 f - 2 scrolls of amnesia {unknown}
 g - 4 scrolls of identify {unknown}
 k - 2 scrolls of blinking {unknown}
 m - 2 scrolls of enchant weapon {unknown}
 q - a scroll of teleportation {unknown}
 y - 2 scrolls of immolation {unknown}
 C - a scroll of noise {unknown}
 E - a scroll of fear {unknown}
 J - a scroll of acquirement {unknown}
Potions
 s - a potion of curing {unknown}
 x - a potion of degeneration
 z - a potion of enlightenment {unknown}
 A - a potion of haste


   Skills:
 - Level 3.0 Fighting
 - Level 3.0 Dodging
 * Level 4.6 Unarmed Combat
 - Level 5.0 Shapeshifting


You had 6 spell levels left.
You didn't know any spells.
Your spell library contained the following spells:

 Spells                   Type           Power      Damage    Failure   Level
 Ensorcelled Hibernation  Hex/Ice        0%         N/A       98%         2
 Passwall                 Tmut/Erth      0%         N/A       98%         2
 Inner Flame              Hex/Fire       0%         N/A       100%        3
 Swiftness                Air            0%         N/A       100%        3
 Flame Wave               Conj/Fire      0%         2d4       100%        4
 Sticky Flame             Conj/Fire      0%         2d3       100%        4


Dungeon Overview and Level Annotations

Branches:
Dungeon (4/15)
 Temple: D:4-7


Innate Abilities, Weirdness & Mutations

You are a tree.
Your roots penetrate the ground, keeping you stationary.
You cannot be teleported.
You are immune to unholy pain and torment.
Your maximum health is greatly increased.
Your equipment is partially melded.
You have an increased reservoir of magic. (+10% MP)
You shall have no god before yourself.
Your divine heritage dramatically boosts your attributes as you level up.


Message History

The ball python constricts you.
You have reached level 7!
Really quaff the potion of lignification?
Your transformation has ended.
Your +0 helmet unmelds from your body.
Your +0 pair of boots unmelds from your body.
You turn into a tree.
Your +0 helmet melds into your body.
Your +0 pair of boots melds into your body.
Your +3 ring mail melds into your body.
Your roots penetrate the ground.
You block the ball python's attack. The ball python constricts you.
The goblin hits you but does no damage. You block the orc's attack.
The endoplasm freezes you.
You are frozen.
* * * LOW HITPOINT WARNING * * *
The goblin hits you but does no damage.
You closely miss the goblin.
The ball python bites you but does no damage.
The ball python constricts you.
The goblin hits you but does no damage. x2
The orc hits you but does no damage. You block the endoplasm's attack.
You block the ball python's attack. The ball python constricts you.
The orc hits you but does no damage. The endoplasm freezes you.
You are frozen.
* * * LOW HITPOINT WARNING * * *
The goblin hits you but does no damage. x2
It was a potion of haste.
You feel yourself speed up. You block the ball python's attack.
The ball python constricts you. The goblin hits you but does no damage.
You block the orc's attack. You block the goblin's attack.
The endoplasm hits you but does no damage.
It was a potion of degeneration.
There was something very wrong with that liquid.
You feel weakened.
You feel dopey.
You feel clumsy. You block the ball python's attack.
The ball python constricts you.
You hit the ball python.
You kill the ball python!
You block the goblin's attack. x2
The endoplasm freezes you.
You are frozen.
You die...

#.########'####.....
#.............#(....
#.............#.....
#.............#..... ...........
####'########.#..... ##..........
##..?## ###..#..... ..........#
##:S...###....#.##.. ..........#
#.gJ†...##....#.###.
.##.......####..♣o...#.....#...##
..#.........##...g...#....##.....
....†........##.....##....# ...
##.........#####...###..####.....
....#........#########.#####....#
...###..............##..........#
...# #.###...........##.........#
...###.####...............)......
.)..##..###...#..##...#..........


You could see an orc, an endoplasm, 2 goblins and a ball python.

Vanquished Creatures
  An ogre (D:4)
  A phantom (D:4)
  2 scorpions
  2 jellies (D:4)
  An iguana (D:4)
  Natasha (thrice) (D:4)
  4 gnolls (D:3)
  9 adders
  A white imp (D:3)
  4 worms
  3 dart slugs
  7 orcs
  14 ball pythons
  3 endoplasms (D:1)
  5 giant cockroaches
  10 goblins
  6 hobgoblins
  5 jackals
  5 quokkas
  7 bats
  11 frilled lizards
  15 kobolds
  8 rats
127 creatures vanquished.

Notes
Turn   | Place    | Note
-------+----------+-------------------------------------------
     0 | D:1      | avis the Demigod Shapeshifter began the quest for the Orb.
     0 | D:1      | Reached XP level 1. HP: 15/15 MP: 3/3
   325 | D:1      | Reached skill level 3 in Shapeshifting
   330 | D:1      | Reached skill level 1 in Fighting
   437 | D:1      | Reached XP level 2. HP: 21/23 MP: 4/4
  1053 | D:1      | Reached XP level 3. HP: 18/28 MP: 5/5
  2028 | D:2      | Identified the +5 mace of Eternal Night {holy, rCorr}
  2177 | D:2      | Reached XP level 4. HP: 35/35 MP: 6/6
  2232 | D:2      | Reached skill level 4 in Shapeshifting
  2669 | D:2      | Reached XP level 5. HP: 29/41 MP: 7/7
  4143 | D:4      | Reached XP level 6. HP: 37/48 MP: 8/8
  4374 | D:4      | Noticed Natasha
  4380 | D:4      | Killed Natasha
  4457 | D:4      | Noticed Natasha
  4465 | D:4      | Killed Natasha
  4491 | D:4      | Reached skill level 5 in Shapeshifting
  4519 | D:4      | Noticed Natasha
  4530 | D:4      | Killed Natasha
  4702 | D:4      | Reached XP level 7. HP: 4/57 MP: 9/9
  4702 | D:4      | HP: 4/85 [frozen (3)]
  4703 | D:4      | HP: 1/85 [frozen (3)]
  4706 | D:4      | Frozen to death by an endoplasm

Illustrated notes

Levels and vault maps discovered:
D:1:      heliophobic_arrival_ceremonial_halls, layout_loops_ring,
          nicolae_ecumenical_snake_handling, st_stairs_13,
          hangedman_decor_riveting, lexackson_kobold_supper
D:2:      minmay_thinvault, layout_basic, basic_altar, st_stairs_8
D:3:      layout_basic, minmay_misc_feat_nine_boxes
D:4:      minmay_opposing_rooms, layout_cave_pools, uniq_natasha

Skill      XL: |  1  2  3  4  5  6 |
---------------+-------------------+-----
Shapeshifting  | 3 4 5 |  5.0
Fighting       | 1 2 3 |  3.0
Unarmed Combat | 3 4 |  4.6
Dodging        | 2 3 |  3.0

Action                     |  1- 3 |  4- 6 |  7- 9 || total
---------------------------+-------+-------+-------++-------
  Melee: Unarmed           |   119 |    68 |     2 ||   189
         Punch             |     1 |       |       ||     1
         Mace              |    12 |   128 |       ||   140
Ability: Begin Untransform |     1 |     1 |       ||     2
    Use: Potion            |       |       |     3 ||     3
   Stab: Sleeping          |     1 |       |       ||     1
 Armour: Animal skin       |     6 |       |       ||     6
         Scale mail        |    26 |    38 |       ||    64
         Chain mail        |       |    24 |       ||    24
         Ring mail         |       |    24 |       ||    24
         Skin              |       |       |    11 ||    11
  Dodge: Dodged            |    64 |    42 |       ||   106
  Block: Tower shield      |    14 |   114 |    10 ||   138
   Form: Beast             |     2 |     2 |       ||     4
                           |     1 |     1 |       ||     2

Table legend: (Time is in decaauts)
 A = Elapsed time spent in this place.
 B = Non-inter-level travel time spent in this place.
 C = Inter-level travel time spent in this place.
 D = Time resting spent in this place.
 E = Time spent auto-exploring this place.
 F = Levels seen in this place.
 G = Mean time per level.
                   A        B        C        D        E       F      G
               +--------+--------+--------+--------+--------+-----+--------+
         Total |   4831 |   4296 |    535 |    693 |   2398 |   4 | 1207.8 |
       Dungeon |   4831 |   4296 |    535 |    693 |   2398 |   4 | 1207.8 |
               +--------+--------+--------+--------+--------+-----+--------+

Top non-repeatable levels by time:
     D:1: 1530 daAuts
     D:2: 1512 daAuts
     D:3: 1182 daAuts
     D:4: 605 daAuts
